AoeStats
← Mknolix

African Clearing

510412034Analyzed
4v4 RM · 3d ago on Sep 30, 2026· 28m 53s· 8 players
Game mode
Random Map
Map size
Large (8 player)
Population
200
Speed
Normal
Resources
Standard
Victory
Conquest
Starting age
Dark Age
Ending age
Imperial Age
RankedLock teamsTeams togetherTeam positionsShared explorationLock speedFull tech treeHidden civsTurbo modeCheats
Victory
Defeat
🇨🇦 Danes · Canada
1190
+15
🇮🇳 Varangians · India
1189
+15
🇦🇷 Vietnamese · Argentina
1176
+15
🇺🇸 Maya · United States
1171
+16
🇨🇦 Mongols · Canada
1490
-28
🇺🇸 Franks · United States
1165
-15
🇳🇱 Danes · Netherlands
1027
-10
🇵🇱 Varangians · Poland
984
-8
KoryT
10:28 Loom
13:43 Feudal Age
14:16 Double-Bit Axe
17:31 Bloodlines
18:27 Scale Barding Armor
19:33 Forging
24:55 Castle Age
24:34 Horse Collar
25:43 Gold Mining
Retired SweatLord
3:37 Loom
13:06 Feudal Age
16:50 Castle Age
16:01 Double-Bit Axe
20:05 Fletching
24:11 Bodkin Arrow
Medina90
9:20 Loom
12:01 Feudal Age
14:11 Wheelbarrow
14:00 Double-Bit Axe
16:14 Wheelbarrow
17:11 Horse Collar
22:11 Castle Age
23:16 Hand Cart
27:53 Scale Mail Armor
sakuzi
19:29 Feudal Age
18:16 Loom
sfam1144141
4:24 Loom
16:08 Feudal Age
16:55 Double-Bit Axe
19:52 Castle Age
18:15 Scale Mail Armor
19:13 Forging
21:24 Iron Casting
24:44 Horse Collar
26:12 Squires
25:59 Arson
26:50 Gambesons
27:08 Squires
27:53 Chain Mail Armor
El Fantasma de Pancho Villa
6:01 Loom
13:13 Feudal Age
17:13 Castle Age
15:38 Fletching
16:10 Stone Mining
17:03 Double-Bit Axe
18:30 Padded Archer Armor
26:45 Bodkin Arrow
28:28 Ballistics
29:34 Leather Archer Armor
29:59 Wheelbarrow
Mknolix
9:39 Loom
14:14 Feudal Age
16:33 Double-Bit Axe
20:30 Castle Age
18:23 Fletching
21:09 Bodkin Arrow
21:26 Crossbowman
24:01 Horse Collar
27:42 Padded Archer Armor
suny619
11:01 Loom
12:56 Feudal Age
13:53 Double-Bit Axe
15:22 Bloodlines
16:33 Forging
17:21 Scale Barding Armor
23:43 Castle Age
23:04 Horse Collar
23:52 Light Cavalry
24:32 Husbandry
25:26 Iron Casting
Connection lost

Rejoining the realm…

Still unreachable

The connection could not be restored.

Session expired

The server has moved on; the page needs a fresh start.